 Dungeon Crawl Stone Soup version 0.29.0-4-gdea44cf6ec (webtiles) character file.

Game seed: 16283881080083757772

206 Renzlar the Shield-Bearer (level 5, -2/47 HPs)
             Began as a Gnoll Fighter on Aug 26, 2022.
             Killed by nerve-wracking pain
             ... invoked by Grinder
              (6 damage)
             ... on level 3 of the Dungeon.
             The game lasted 00:06:06 (1795 turns).

Renzlar the Shield-Bearer (Gnoll Fighter)           Turns: 1795, Time: 00:06:07

Health: -2/47      AC:  9    Str: 17    XL:     5   Next: 84%
Magic:  7/7        EV: 10    Int:  8    God:
Gold:   121        SH:  0    Dex: 11    Spells: 7/7 levels left

rFire   . . .      SeeInvis .   d - +2 scythe (freeze)
rCold   . . .      Faith    .   (shield currently unavailable)
rNeg    . . .      Spirit   .   b - +0 scale mail
rPois   .          Reflect  .   (no helmet)
rElec   .          Harm     .   (no cloak)
rCorr   .          Rampage  .   (no gloves)
Will    .....                   h - +0 pair of boots
Stlth   ..........              (no amulet)
HPRegen 0.15/turn               (no ring)
MPRegen 0.10/turn               (no ring)

@: no status effects
A: fangs 1, strong nose, distributed training
a: no special abilities


You were on level 3 of the Dungeon.
You visited 1 branch of the dungeon, and saw 3 of its levels.

You collected 121 gold pieces.

Inventory:

Hand Weapons
 a - a +1 war axe
 c - a +0 sling
 d - a +2 scythe of freezing (weapon)
Armour
 b - a +0 scale mail (worn)
 h - a +0 pair of boots (worn)
Jewellery
 e - a ring of protection from fire
Scrolls
 f - 2 scrolls of enchant weapon
Potions
 g - a potion of haste
 j - a potion of heal wounds


   Skills:
 + Level 6.7 Fighting
 + Level 1.7 Short Blades
 + Level 1.7 Long Blades
 + Level 4.9 Axes
 + Level 1.7 Maces & Flails
 + Level 1.7 Polearms
 + Level 1.7 Staves
 + Level 1.7 Ranged Weapons
 + Level 1.7 Throwing
 + Level 6.7 Armour
 + Level 1.7 Dodging
 + Level 1.7 Stealth
 + Level 6.7 Shields
 + Level 1.7 Unarmed Combat
 + Level 1.7 Spellcasting
 + Level 1.3 Conjurations
 + Level 1.3 Hexes
 + Level 1.3 Summonings
 + Level 1.3 Necromancy
 + Level 1.3 Translocations
 + Level 1.3 Transmutations
 + Level 1.3 Fire Magic
 + Level 1.3 Ice Magic
 + Level 1.3 Air Magic
 + Level 1.3 Earth Magic
 + Level 1.3 Poison Magic
 + Level 2.0 Invocations
 + Level 1.7 Evocations


You had 7 spell levels left.
You didn't know any spells.
Your spell library was empty.

Dungeon Overview and Level Annotations

Branches:
Dungeon (3/15)

Altars:
Qazlal

Annotations:
D:3 Grinder


Innate Abilities, Weirdness & Mutations

You have very sharp teeth.
Your uncanny sense of smell can sniff out nearby items.
Your experience applies equally to all skills.


Message History

You slash Grinder!
Grinder is moderately wounded.
Grinder misses you. Grinder hits you!
You writhe in agony.
You puncture Grinder!
Grinder is severely wounded.
Grinder says, "Tell me all your secrets, or I'll kill you."
Grinder closely misses you.
You closely miss Grinder. Your bite misses Grinder.
Grinder is severely wounded.
Grinder blinks!
You barely miss Grinder.
Grinder is severely wounded.
Grinder blinks!
Grinder gestures at you.
You suddenly lose the ability to move!
Grinder gestures at you. You resist with significant effort.
You can move again.
Unknown command.
Grinder gestures at you. Pain shoots through your body!
There is a stone staircase leading up, spattered with blood here.
A goblin comes into view. It is wielding a +0 dagger.
Found a shortbow and 3 boomerangs.
The goblin shouts!
You are too injured to fight recklessly!
You are too injured to fight recklessly!
Grinder grins, showing sharp teeth.
Grinder closely misses you.
You hit Grinder.
Grinder is severely wounded.
Grinder gestures at you. Pain shoots through your body!
* * * LOW HITPOINT WARNING * * *
Unknown command.
You closely miss Grinder. You bite Grinder, but do no damage.
Grinder is severely wounded.
Grinder gestures at you. Pain shoots through your body!
You die...

.... ..$
∆ ..# ∆
###.#
#..=# #.#
#<# #.#
#@#
#......5#
..###...g
####..
.)# ..#
#.( .## ∆


You could see Grinder and a goblin.

Vanquished Creatures
  Sigmund (D:2)
  An adder (D:2)
  A worm (D:2)
  2 dart slugs
  4 endoplasms
  A giant cockroach (D:1)
  A goblin (D:1)
  3 hobgoblins
  4 kobolds
  4 quokkas
  3 bats
  2 frilled lizards (D:1)
  3 rats (D:1)
30 creatures vanquished.

Notes
Turn   | Place    | Note
-------+----------+-------------------------------------------
     0 | D:1      | Renzlar the Gnoll Fighter began the quest for the Orb.
     0 | D:1      | Reached XP level 1. HP: 23/23 MP: 1/1
   191 | D:1      | Reached XP level 2. HP: 29/29 MP: 2/2
   587 | D:1      | Reached XP level 3. HP: 35/35 MP: 3/3
   856 | D:2      | Identified the +0 robe of the Minstrel {Contam Str+8 Dex-3
                  | Slay+6}
   965 | D:2      | Reached skill level 1 in Invocations
  1141 | D:2      | Found a stormy altar of Qazlal.
  1165 | D:2      | Noticed Sigmund
  1170 | D:2      | Reached skill level 1 in Short Blades
  1170 | D:2      | Reached skill level 1 in Long Blades
  1170 | D:2      | Reached skill level 1 in Maces & Flails
  1170 | D:2      | Reached skill level 1 in Polearms
  1170 | D:2      | Reached skill level 1 in Staves
  1170 | D:2      | Reached skill level 1 in Ranged Weapons
  1170 | D:2      | Reached skill level 1 in Throwing
  1170 | D:2      | Reached skill level 1 in Dodging
  1170 | D:2      | Reached skill level 1 in Stealth
  1170 | D:2      | Reached skill level 1 in Unarmed Combat
  1170 | D:2      | Reached skill level 1 in Spellcasting
  1170 | D:2      | Reached skill level 1 in Evocations
  1177 | D:2      | Killed Sigmund
  1178 | D:2      | Reached skill level 1 in Conjurations
  1178 | D:2      | Reached skill level 1 in Hexes
  1178 | D:2      | Reached skill level 1 in Summonings
  1178 | D:2      | Reached skill level 1 in Necromancy
  1178 | D:2      | Reached skill level 1 in Translocations
  1178 | D:2      | Reached skill level 1 in Transmutations
  1178 | D:2      | Reached skill level 1 in Fire Magic
  1178 | D:2      | Reached skill level 1 in Ice Magic
  1178 | D:2      | Reached skill level 1 in Air Magic
  1178 | D:2      | Reached skill level 1 in Earth Magic
  1178 | D:2      | Reached skill level 1 in Poison Magic
  1178 | D:2      | Reached XP level 4. HP: 12/41 MP: 4/6
  1178 | D:2      | Reached XP level 5. HP: 14/47 MP: 4/7
  1777 | D:3      | Noticed Grinder
  1778 | D:3      | Paralysed by Grinder for 2 turns
  1789 | D:3      | Paralysed by Grinder for 2 turns
  1795 | D:3      | Killed from afar by Grinder

Illustrated notes

Levels and vault maps discovered:
D:1:      mrwooster_arrival_statue, layout_loops_ring
D:2:      layout_loops_corners, basic_altar, uniq_sigmund
D:3:      layout_basic, nicolae_hepliaklqana_monster_ancestors,
          chequers_ecumenical_altar_island, uniq_ijyb, uniq_grinder

Skill      XL: |  1  2  3 |
---------------+----------+-----
Invocations    | 2 |  2.0
Short Blades   | 1 |  1.7
Long Blades    | 1 |  1.7
Maces & Flails | 1 |  1.7
Polearms       | 1 |  1.7
Staves         | 1 |  1.7
Ranged Weapons | 1 |  1.7
Throwing       | 1 |  1.7
Dodging        | 1 |  1.7
Stealth        | 1 |  1.7
Unarmed Combat | 1 |  1.7
Spellcasting   | 1 |  1.7
Evocations     | 1 |  1.7
Conjurations   | 1 |  1.3
Hexes          | 1 |  1.3
Summonings     | 1 |  1.3
Necromancy     | 1 |  1.3
Translocations | 1 |  1.3
Transmutations | 1 |  1.3
Fire Magic     | 1 |  1.3
Ice Magic      | 1 |  1.3
Air Magic      | 1 |  1.3
Earth Magic    | 1 |  1.3
Poison Magic   | 1 |  1.3
Fighting       | |  6.7
Axes           | |  4.9
Armour         | |  6.7
Shields        | |  6.7

Action                   |  1- 3 |  4- 6 || total
-------------------------+-------+-------++-------
Melee: War axe           |    46 |       ||    46
       Bite              |     1 |     1 ||     2
       Halberd           |       |    12 ||    12
 Fire: Sling             |    49 |       ||    49
  Use: Scroll            |     7 |     1 ||     8
       Potion            |     2 |       ||     2
Armor: Scale mail        |    21 |     4 ||    25
Dodge: Dodged            |    20 |     4 ||    24
Block: Buckler           |     9 |       ||     9
